 Dungeon Crawl Stone Soup version 0.30.1-11-g7821555f0a (webtiles) character file.

Game seed: 11787646716482367461

115 DarkinPuppy the Trooper (level 4, -2/35 HPs)
             Began as a Demonspawn Fighter on Nov 11, 2023.
             Slain by Terence
             ... wielding a +0 short sword
              (5 damage)
             ... on level 3 of the Dungeon.
             The game lasted 00:11:26 (1910 turns).

DarkinPuppy the Trooper (Demonspawn Fighter)        Turns: 1910, Time: 00:11:27

Health: -2/35      AC: 11    Str: 18    XL:     4   Next: 68%
Magic:  4/4        EV:  7    Int: 10    God:
Gold:   68         SH:  5    Dex: 12    Spells: 3/3 levels left

rFire   . . .        a - +0 long sword
rCold   . . .        c - +1 buckler
rNeg    . . .        f - +0 chain mail
rPois   .            l - +0 helmet
rElec   .            (no cloak)
rCorr   .            (no gloves)
SInv    .            k - +0 pair of boots
Will    .....        (no amulet) Stlth
                     (no ring)
HPRegen 0.25/turn    (no ring)
MPRegen 0.09/turn

%: no passive effects
@: attractive, flying
A: hooves 1, demonic guardian 1
a: no special abilities


You were on level 3 of the Dungeon.
You visited 1 branch of the dungeon, and saw 3 of its levels.

You collected 68 gold pieces.

Inventory:

Hand Weapons
 a - a +0 long sword (weapon)
Armour
 c - a +1 buckler (worn)
 f - a +0 chain mail (worn)
 k - a +0 pair of boots (worn)
 l - a +0 helmet (worn)
Wands
 j - a wand of flame (13)
Scrolls
 b - a scroll of identify (quivered)
 e - 2 scrolls of blinking {unknown}
 m - a scroll of teleportation


   Skills:
 + Level 3.5 Fighting
 * Level 2.9 Long Blades
 + Level 3.2 Armour
 * Level 1.5 Dodging
 + Level 3.0 Shields


You had 3 spell levels left.
You didn't know any spells.
Your spell library was empty.

Dungeon Overview and Level Annotations

Branches:
Dungeon (3/15)

Altars:
Yredelemnul

Shops:
D:1 ((

Annotations:
D:3 Terence


Innate Abilities, Weirdness & Mutations

You have large cloven feet.
A weak demonic guardian rushes to your aid.


Message History

* * * LOW HITPOINT WARNING * * *
Terence attacks as you move away! You block Terence's attack.
Terence attacks as you move away! Terence hits you but does no damage.
Terence attacks as you move away! Terence hits you with a +0 short sword.
* * * LOW HITPOINT WARNING * * *
Terence attacks as you move away! Terence hits you but does no damage.
As you read the scroll labelled ZECAIB WOAFO, it crumbles to dust.
It is a scroll of enchant armour.
Your +0 buckler glows green for a moment.
Terence hits you with a +0 short sword.
* * * LOW HITPOINT WARNING * * *
A demonic guardian appears!
Found a potion of curing.
Found a basalt altar of Yredelemnul.
Your quasit bites Terence.
Your quasit barely misses Terence.
Your quasit claws Terence.
As you read the scroll labelled HISORRUALI, it crumbles to dust.
You feel aware of your surroundings.
You sensed 2 altars.
It was a scroll of magic mapping.
Your quasit bites Terence but does no damage.
Your quasit barely misses Terence. x2; Terence barely misses you.
It was a potion of flight.
You feel very buoyant.
You fly up into the air.
Your quasit bites Terence.
Your quasit claws Terence but does no damage.
Your quasit barely misses Terence.
Terence completely misses you.
It was a potion of attraction.
You feel attractive to monsters. You block the bat's attack.
Your quasit barely misses Terence.
Your quasit claws Terence but does no damage. x2
The bat completely misses you.
Your quasit bites Terence but does no damage.
Your quasit closely misses Terence.
Your quasit claws Terence.
Terence barely misses you.
As you read the scroll labelled SAS NYERGHUO, it crumbles to dust.
It is a scroll of identify.
m - a scroll of teleportation The bat hits you but does no damage.
Your quasit barely misses Terence.
Your quasit misses Terence.
Your quasit closely misses Terence.
Terence hits you with a +0 short sword.
You die...

.......# ######.####
####....###### *****
#............# ****##*,,,*
#.###...####.#
*,,..!,,,,** #.* ##.## #.#
*,.P._,,,,,**** #.* #.#
#.# **....,,,,,,,,,, #.*
#.# #.###..##.#****,****
#.* #.# #5@@..b....,,**,*
*, **#.* #.#
#########.#*,**,* *, ,,..*
#.# #########.#,*,**,* *,
*****
#.####........#**,,**,***,
#.##.........##*,*,,,,,,*,
#.....#.......#,,,,,,**,,,
#....###.#####.#,,,,,,,**,
##..## ##.# **,,,,,,*,,*,
#.#.###[## ***,,,*****,


You could see Terence (ally target), a bat and a friendly quasit (summoned).

Vanquished Creatures
  Natasha (twice) (D:2)
  Robin (D:3)
  3 dart slugs
  2 ball pythons (D:1)
  3 bats
  3 endoplasms
  5 giant cockroaches
  A hobgoblin (D:1)
  3 kobolds
  A quokka (D:1)
  4 frilled lizards (D:1)
  15 goblins
  2 rats
45 creatures vanquished.

Notes
Turn   | Place    | Note
-------+----------+-------------------------------------------
     0 | D:1      | DarkinPuppy the Demonspawn Fighter began the quest for the
                  | Orb.
     0 | D:1      | Reached XP level 1. HP: 18/18 MP: 1/1
    76 | D:1      | Found Wautryosm's Weapon Emporium.
   341 | D:1      | Discovered your monstrous ancestry.
   341 | D:1      | Gained mutation: You have large cloven feet. [demonic
                  | ancestry]
   341 | D:1      | Reached XP level 2. HP: 23/24 MP: 2/2
   375 | D:1      | Found Uwaloogh's Weapon Boutique.
   834 | D:2      | Reached XP level 3. HP: 27/29 MP: 3/3
   936 | D:2      | Noticed Natasha
   956 | D:2      | Killed Natasha
   957 | D:2      | Reached skill level 1 in Dodging
  1437 | D:2      | Noticed Natasha
  1450 | D:2      | Killed Natasha
  1451 | D:2      | Gained mutation: A weak demonic guardian rushes to your
                  | aid. [demonic ancestry]
  1451 | D:2      | Reached XP level 4. HP: 12/35 MP: 4/4
  1680 | D:3      | Noticed Robin
  1748 | D:3      | Killed Robin
  1876 | D:3      | Noticed Terence
  1906 | D:3      | Found a basalt altar of Yredelemnul.
  1910 | D:3      | Slain by Terence

Illustrated notes

Levels and vault maps discovered:
D:1:      lemuel_arrival_broad_hall, layout_basic, serial_shops,
          nicolae_shop_crystal, nicolae_shop_tiny_real_fake_doors,
          serial_bayou_crossing
D:2:      layout_loops_ring, serial_park_tiny_2, dreamdust_princess_bridge,
          uniq_natasha
D:3:      layout_loops_ring, amcnicky_altar_gilded,
          nicolae_ru_sacrificial_ziggurat, mainiacjoe_overflow_tiny_flanked,
          minmay_bisected, uniq_sigmund, uniq_terence, uniq_robin

Skill      XL: |  1  2  3 |
---------------+----------+-----
Long Blades    | 2 |  2.9
Armour         | 3 |  3.2
Dodging        | 1 |  1.5
Shields        | 3 |  3.0
Fighting       | |  3.5

Action                     |  1- 3 |  4- 6 || total
---------------------------+-------+-------++-------
  Melee: Long sword        |    93 |    48 ||   141
         Kick              |    17 |    10 ||    27
    Use: Potion            |     2 |     2 ||     4
         Scroll            |       |     3 ||     3
 Armour: Scale mail        |     8 |       ||     8
         Chain mail        |    40 |    48 ||    88
  Dodge: Dodged            |    24 |    20 ||    44
  Block: Buckler           |    16 |    11 ||    27
